Map: Thunderbird LE

Players

PeLLy - Winner!

  • Race: Zerg Zerg
  • League: Diamond
  • Spawn Location: 11:00

zealotuajzf

  • Race: Protoss Protoss
  • League: Diamond
  • Spawn Location: 5:00

VOD

Have the link to the VOD?

Description

Time

  • Played on: Aug. 12, 2019, 3:23 p.m.
  • Length: 8:51
Show
View Real Time Build Order
Export as new Build Order

PeLLy Zerg - Winner!

Build Orders: Hatch First 

Get SALT Encoding   

  12  0:01  Drone  
  13  0:13  Overlord  
  13  0:22  Drone  
  14  0:31  Drone  
  14  0:32  Drone  
  16  0:40  Drone  
  17  0:54  Hatchery  
  16  0:58  Drone  
  16  1:02  Drone  
  18  1:15  Spawning Pool  
  18  1:17  Drone  
  18  1:20  Drone  
  19  1:29  Overlord  
  19  1:52  Hatchery  
  18  1:55  Drone x2  
  20  2:04  Zergling x2  
  20  2:07  Queen  
  23  2:11  Drone  
  24  2:20  Zergling x4  
  26  2:24  Queen  
  28  2:33  Zergling x2  
  28  2:34  Zergling x4  
  31  2:39  Extractor  
  30  2:45  Zergling x4  
  32  2:52  Zergling x2  
  32  2:58  Zergling x2  
  34  3:01  Zergling x2  
  35  3:19  Zergling x6  
  36  3:28  Drone x4  
  36  4:03  Drone x5  
  36  4:05  Overlord  
  36  4:06  Overlord x2  
  41  4:20  Drone  
  41  4:21  Drone x2  
  41  4:23  Queen  
  38  4:34  Roach Warren  
  38  4:36  Evolution Chamber  
  36  4:44  Drone x4  
  40  4:47  Drone x4  
  40  4:52  Overlord  
  44  4:53  Overlord x2  
  44  4:56  Extractor  
  43  5:06  Drone x4  
  47  5:12  Drone x2  
  49  5:16  Zerg Missile Weapons Level 1  
  49  5:21  Extractor  
  49  5:22  Extractor  
  49  5:23  Drone x4  
  49  5:25  Drone  
  49  5:26  Drone  
  53  5:36  Lair  
  53  5:39  Roach  
  55  5:43  Extractor  
  55  5:45  Extractor  
  53  5:52  Roach x3  
  53  5:54  Drone x4  
  63  5:57  Drone x4  
  67  6:07  Spore Crawler  
  67  6:09  Spore Crawler  
  65  6:11  Spore Crawler  
  65  6:12  Queen x2  
  65  6:14  Roach  
  65  6:15  Roach x5  
  80  6:22  Roach  
  82  6:26  Overlord x3  
  82  6:27  Spine Crawler x2  
  82  6:30  Spine Crawler  
  79  6:39  Roach  
  81  6:43  Overlord x3  
  81  6:45  Overseer  
  81  6:46  Glial Reconstitution  
  81  6:58  Roach x2  
  81  6:59  Roach x5  
  95  7:06  Drone  
  96  7:09  Drone x4  
  100  7:27  Roach  
  100  7:28  Roach x4  
  110  7:34  Drone x2  
  110  7:35  Drone x3  
  110  7:36  Drone  
  116  7:45  Drone x5  
  116  7:47  Drone  
  122  8:01  Hatchery  
  122  8:05  Hydralisk Den  
Show
View Real Time Build Order
Export as new Build Order

zealotuajzf Protoss 

Build Orders:  

Get SALT Encoding   

  1  0:00  Probe  
  12  0:05  Probe  
  14  0:21  Pylon, Probe  
  15  0:33  Assimilator  
  15  0:39  Probe  
  16  0:44  Gateway  
  16  0:53  Probe  
  17  1:05  Probe  
  17  1:10  Assimilator  
  18  1:17  Probe  
  19  1:27  Gateway  
  19  1:38  Probe  
  19  1:39  Cybernetics Core  
  20  1:54  Probe  
  21  2:06  Probe  
  22  2:09  Pylon  
  22  2:20  Stalker  
  22  2:21  Stalker  
  26  2:39  Pylon  
  26  2:43  Probe  
  27  3:02  Robotics Facility  
  27  3:15  Zealot  
  27  3:18  Zealot  
  31  3:30  Shield Battery  
  28  3:49  Zealot  
  28  3:51  Zealot  
  31  4:06  Robotics Facility  
  31  4:19  Probe  
  31  4:23  Zealot  
  31  4:32  Shield Battery  
  31  4:38  Pylon x2  
  31  4:56  Immortal, Probe  
  31  4:57  Sentry x2  
  40  5:08  Probe  
  41  5:21  Probe  
  42  5:28  Twilight Council  
  42  5:32  Nexus  
  42  5:33  Probe  
  43  5:41  Pylon, Observer  
  44  5:48  Probe  
  45  5:51  Assimilator  
  45  6:07  Shield Battery  
  45  6:41  Probe  
  45  6:44  Immortal  
  45  6:46  Templar Archives  
  50  6:49  Probe  
  51  6:54  Gateway  
  51  6:58  Pylon  
  51  6:59  Probe  
  51  7:03  Pylon  
  52  7:11  Probe  
  52  7:15  Gateway  
  53  7:23  Probe  
  54  7:31  Assimilator  
  54  7:32  High Templar x2  
  54  7:35  Probe  
  59  7:43  High Templar  
  61  7:47  Probe  
  62  7:59  Probe  
  63  8:08  Gateway  
  63  8:11  High Templar x2, Probe  
  60  8:27  Archon  
Tags
 
Add a new tag
Caveats
  • Supply blocks, unpowered buildings, or Contaminate may cause inaccurate times.
  • Supply counts are checked every 10 seconds.